 Seeded DCSS version 0.30.1-4-g462c640d31 (webtiles) character file.

Game seed: 6351066067085065685 (custom seed)

582 Esekla the Thaumaturge (level 7, 0/36 HPs)
             Began as a Deep Elf Wanderer on Sept 15, 2023.
             Was a Believer of Vehumet.
             Slain by an ogre
             ... wielding a +0 giant club
              (14 damage)
             ... on level 5 of the Dungeon.
             The game lasted 00:26:25 (4380 turns).

Esekla the Thaumaturge (Deep Elf Wanderer)          Turns: 4380, Time: 00:26:26

Health: 0/36       AC:  4    Str: 11    XL:     7   Next: 14%
Magic:  15/20      EV: 11    Int: 20    God:    Vehumet [**....]
Gold:   256        SH:  4    Dex: 11    Spells: 10/22 levels left

rFire   . . .        a - +2 dagger (vamp)
rCold   . . .        d - +0 buckler
rNeg    . . .        c - +0 robe
rPois   .            k - +0 helmet
rElec   .            (no cloak)
rCorr   .            j - +0 pair of gloves
SInv    .            (no boots)
Will    .....        B - amulet of magic regeneration
Stlth   ++           (no ring)
HPRegen 0.26/turn    (no ring)
MPRegen 0.57/turn

%: no passive effects
@: very slightly contaminated
A: no striking features
a: Renounce Religion


You were on level 5 of the Dungeon.
You worshipped Vehumet.
Vehumet was pleased with you.
You visited 1 branch of the dungeon, and saw 5 of its levels.

You collected 256 gold pieces.

Inventory:

Hand Weapons
 a - a +2 vampiric dagger (weapon)
 r - a +0 spear
 s - the +5 rapier of the Hero {heavy, rN+ Dex+3}
   (You found it on level 3 of the Dungeon)

   Dex:       It affects your dexterity (+3).
   rN:        It protects you from negative energy.
Missiles
 w - 4 poisoned darts (quivered)
 y - a throwing net
Armour
 c - a +0 robe (worn)
 d - a +0 buckler (worn)
 j - a +0 pair of gloves (worn)
 k - a +0 helmet (worn)
Jewellery
 B - an amulet of magic regeneration (around neck)
Wands
 p - a wand of roots (9)
 C - a wand of flame (15)
Scrolls
 g - 5 scrolls of identify {unknown}
 m - 2 scrolls of amnesia {unknown}
 n - a scroll of enchant armour {unknown}
 o - a scroll of immolation {unknown}
 q - a scroll of blinking {unknown}
 t - a scroll of fog {unknown}
 x - 2 scrolls of enchant weapon {unknown}
 z - a scroll of silence {unknown}
 A - a scroll of magic mapping {unknown}
 D - a scroll of summoning {unknown}
Potions
 b - 2 potions of lignification
 e - a potion of ambrosia {unknown}
 f - 4 potions of curing {unknown}
 h - a potion of heal wounds {unknown}
 i - 2 potions of attraction {unknown}
 l - a potion of mutation {unknown}
 u - a potion of haste {unknown}
 v - 3 potions of brilliance {unknown}


   Skills:
 + Level 1.1 Short Blades
 + Level 0.5 Throwing
 * Level 2.6 Dodging
 + Level 1.5 Stealth
 + Level 1.8 Shields
 * Level 8.0 Spellcasting
 + Level 2.4 Conjurations
 * Level 3.6 Necromancy
 + Level 3.0 Translocations
 + Level 1.0 Invocations


You had 10 spell levels left.
You knew the following spells:

 Your Spells              Type           Power      Damage    Failure   Level
a - Magic Dart            Conj           68%        1d6       4%          1
b - Blink                 Tloc           40%        N/A       5%          2
d - Vampiric Draining     Necr           22%        2d7       9%          3
e - Static Discharge      Conj/Air       24%        2-3/arc   12%         2
p - Apportation           Tloc           40%        N/A       3%          1
t - Teleport Other        Tloc           20%        N/A       11%         3

Your spell library contained the following spells:

 Spells                   Type           Power      Damage    Failure   Level
 Lesser Beckoning         Tloc           40%        N/A       5%          2
 Gell's Gravitas          Tloc           20%        N/A       11%         3
 Ignite Poison            Fire/Tmut/Pois 8%         N/A       36%         3
 Spider Form              Tmut/Pois      8%         N/A       36%         3
 Cause Fear               Hex            4%         N/A       77%         4
 Summon Mana Viper        Hex/Summ       8%         N/A       98%         5


Dungeon Overview and Level Annotations

Branches:
Dungeon (5/15)
 Temple: D:4-7

Altars:
Dithmenos
Hepliaklqana
Okawaru
Qazlal
Trog
Vehumet
Zin
The Shining One

Shops:
D:2 =   D:4 (


Message History

Aiming: Magic Dart (safe; 4% risk of failure)
Press: ? - help, Shift-Dir - straight line, f/p - hound
Aim: a hound (100% to hit)
The magic dart hits the ogre.
The ogre is heavily wounded.
You barely miss the ogre.
The ogre is heavily wounded.
The ogre closely misses you.
You barely miss the ogre.
The ogre is severely wounded.
You barely miss the ogre.
The ogre is severely wounded.
The ogre barely misses you.
Casting: Magic Dart (safe; 4% risk of failure)
Confirm with . or Enter, or press ? or * to list all spells.
Aiming: Magic Dart (safe; 4% risk of failure)
Press: ? - help, Shift-Dir - straight line, f/p - hound
Aim: a hound (100% to hit)
The magic dart hits the ogre.
The ogre is severely wounded.
The ogre looks more healthy.
The ogre hits you with a +0 giant club!!
Ouch! That really hurt!
* * * LOW HITPOINT WARNING * * *
Casting: Magic Dart (safe; 4% risk of failure)
Confirm with . or Enter, or press ? or * to list all spells.
Aiming: Vampiric Draining (dangerous; 9% risk of failure)
Press: ? - help, Shift-Dir - straight line, f - ogre, p - hound
Aim: an ogre, wielding a +0 giant club (severely wounded)
You miscast Vampiric Draining.
You are very lightly contaminated with residual magic.
Nothing appears to happen.
Casting: Vampiric Draining (dangerous; 9% risk of failure)
Confirm with . or Enter, or press ? or * to list all spells.
Aiming: Vampiric Draining (dangerous; 9% risk of failure)
Press: ? - help, Shift-Dir - straight line, f/p - ogre
Aim: an ogre, wielding a +0 giant club (severely wounded)
You draw life force from the ogre.
You feel life coursing into your body. The ogre hits you with a +0 giant club!
You die...

###################
#......@Oh........#
##.###############.# #...# #.#
###.#.### #.........#
#####)..#...######!.....(..#
###.....###..........#####(#.#
....###...#.#.###### #(#.#
##### ###...#... #(#.#
........#####.# #.# #


You could see an ogre and a hound.

Vanquished Creatures
  A black bear (D:2)
  2 scorpions (D:5)
  A gnoll bouda (D:4)
  A hound (D:3)
  A sleepcap (D:5)
  2 iguanas
  12 gnolls
  5 adders
  A worm (D:4)
  3 dart slugs
  9 orcs
  4 endoplasms
  8 goblins
  5 hobgoblins
  A quokka (D:1)
  6 ball pythons
  4 bats
  4 frilled lizards
  5 kobolds
  A rat (D:2)
76 creatures vanquished.

Notes
Turn   | Place    | Note
-------+----------+-------------------------------------------
     0 | D:1      | Esekla the Deep Elf Wanderer began the quest for the Orb.
     0 | D:1      | Esekla set off with the following items: a +0 club, a
                  | potion of lignification, a +0 robe, a +0 buckler; and the
                  | following spells available to memorise: Apportation, Blink,
                  | Lesser Beckoning, Magic Dart, Ignite Poison, Vampiric
                  | Draining.
     0 | D:1      | Reached XP level 1. HP: 10/10 MP: 7/7
     2 | D:1      | Learned a level 1 spell: Magic Dart
     4 | D:1      | Learned a level 1 spell: Apportation
   262 | D:2      | Found Renulab's Jewellery Shop.
   441 | D:4      | Found a radiant altar of Vehumet.
   454 | D:4      | Found an iron altar of Okawaru.
   462 | D:4      | Found a glowing silver altar of Zin.
   547 | D:4      | Became a worshipper of Vehumet
   707 | D:3      | Reached XP level 2. HP: 15/15 MP: 1/9
   710 | D:3      | Learned a level 2 spell: Blink
   803 | D:3      | Reached skill level 5 in Spellcasting
   923 | D:4      | Reached skill level 1 in Necromancy
  1156 | D:3      | Identified the +5 rapier of the Hero {heavy, rN+ Dex+3}
  1169 | D:2      | Reached skill level 1 in Dodging
  1169 | D:2      | Reached XP level 3. HP: 19/19 MP: 6/11
  1293 | D:2      | Learned a level 3 spell: Vampiric Draining
  1388 | D:1      | Reached * piety under Vehumet
  1388 | D:1      | Offered knowledge of Foxfire by Vehumet.
  1408 | D:1      | Learned a level 3 spell: Teleport Other
  1561 | D:1      | Reached skill level 1 in Conjurations
  1766 | D:1      | Reached XP level 4. HP: 24/24 MP: 0/13
  2059 | D:2      | Found a faded altar of an unknown god.
  2189 | D:2      | Noticed a black bear
  2363 | D:2      | Reached skill level 6 in Spellcasting
  2406 | D:3      | Found a stormy altar of Qazlal.
  2428 | D:3      | Reached XP level 5. HP: 18/28 MP: 10/15
  2475 | D:3      | Found a bloodstained altar of Trog.
  2478 | D:3      | Found a hazy altar of Hepliaklqana.
  2687 | D:2      | Killed a black bear
  2688 | D:2      | Reached skill level 7 in Spellcasting
  2939 | D:4      | Found Ponaysk's Antique Weapon Boutique.
  3057 | D:4      | Found a glowing golden altar of the Shining One.
  3094 | D:3      | Reached XP level 6. HP: 31/32 MP: 10/18
  3446 | D:5      | Entered Level 5 of the Dungeon
  3449 | D:5      | Got the Parchment of the Lumpy Olives
  3468 | D:5      | Found a shadowy altar of Dithmenos.
  3772 | D:5      | Reached XP level 7. HP: 30/36 MP: 17/20
  3827 | D:4      | Reached ** piety under Vehumet
  3837 | D:4      | Offered knowledge of Static Discharge by Vehumet.
  3841 | D:4      | Learned a level 2 spell: Static Discharge
  3925 | D:4      | Reached skill level 8 in Spellcasting
  4198 | D:4      | Reached skill level 1 in Short Blades
  4380 | D:5      | Slain by an ogre

Illustrated notes

Levels and vault maps discovered:
D:1:      sevenhm_arrival_forest_fort_small_3, layout_rooms,
          chequers_serial_rivers_room_b, minmay_misc_feat_five
D:2:      layout_loops_ring, dreamdust_ecumenical_altar_angels_and_demons,
          serial_shops, shop
D:3:      layout_basic, grunt_temple_overflow_open, minmay_misc_feat_iff
D:4:      layout_basic, nicolae_overflow_quartered_altars, serial_shops,
          nicolae_diamond_shop
D:5:      layout_loops_ring, lemuel_doored_altar, minmay_misc_feat_rows,
          dreamdust_wishing_well

Skill      XL: |  1  2  3  4  5  6  7 |
---------------+----------------------+-----
Spellcasting   | 5 6 7 8 |  8.0
Necromancy     | 1 2 3 |  3.6
Dodging        | 1 2 |  2.6
Conjurations   | 1 2 |  2.4
Translocations | 3 |  3.0
Short Blades   | 1 |  1.1
Throwing       | |  0.5
Stealth        | |  1.5
Shields        | |  1.8
Invocations    | |  1.0

Action                     |  1- 3 |  4- 6 |  7- 9 || total
---------------------------+-------+-------+-------++-------
  Melee: Short sword       |    63 |    54 |       ||   117
         Rapier            |       |     6 |     3 ||     9
         Dagger            |       |     1 |    47 ||    48
  Throw: Dart              |       |    13 |     6 ||    19
   Cast: Apportation       |    24 |    15 |     7 ||    46
         Magic Dart        |    57 |    42 |    16 ||   115
         Vampiric Draining |     1 |    14 |     6 ||    21
         Blink             |       |     2 |       ||     2
    Use: Scroll            |     1 |       |       ||     1
   Stab: Sleeping          |     1 |     1 |       ||     2
 Armour: Robe              |    27 |     8 |    10 ||    45
  Dodge: Dodged            |    36 |    35 |    27 ||    98
  Block: Buckler           |    12 |    17 |     4 ||    33
